cohdb
Replays
Latest Replays
All Replays
Popular Replays
Top Player Replays
Match Explorer
How It Works
Community
CoH3 Stats
Reddit
Sign in to upload your games and track your stats! →
Sign in with Steam
Match 38889241
Unlisted
Match 38889241
Overview
Messages
Build Orders
End
Selects Italian Combined Arms Battlegroup
Selects Bersaglieri Squad
Bersaglieri Squad
Kradschützen Motorcycle Team
Bersaglieri Squad
Bersaglieri Squad
Construct Light Support Kompanie
Selects Bersaglieri Bolster
Fire Support Elements
Flakvierling Half-track
Bersaglieri Squad
Selects Breda Model 30 Light Machine Guns
Construct Mechanized Kompanie
Selects Semovente da 75/18 Assault Gun
Marder III Tank Destroyer
2.5-tonne Medical Truck
Forward Retreat Point
Marder III Tank Destroyer
Selects Strafing Run
Selects Artillery Cover
UltraChaos
St4RgAz3R*
vincent
mRR
luca magno
Hawake
chiuchiu63333
rsmelo
0
0
Comments
sign in to comment!
No comments posted yet!